 Dungeon Crawl Stone Soup version 0.31-a0-267-g3fc6992b3b (webtiles) character file.

Game seed: 7975333515631188505

17943 qw the Marksminotaur (level 12, -9/106 HPs)
             Began as a Minotaur Hexslinger on July 13, 2023.
             Was an Elder of Okawaru.
             Mangled by a boulder beetle (11 damage)
             ... on level 3 of the Lair of Beasts.
             The game lasted 00:04:40 (11803 turns).

qw the Marksminotaur (Minotaur Hexslinger)         Turns: 11803, Time: 00:04:41

Health: -9/106     AC:  8    Str: 15    XL:     12   Next: 23%
Magic:  17/18      EV: 24    Int: 10    God:    Okawaru [****..]
Gold:   354        SH:  0    Dex: 16    Spells: 12/13 levels left

rFire   . . .        t - +1 arbalest (heavy)
rCold   . . .        (shield currently unavailable)
rNeg    . . .        b - +2 robe {Will+}
rPois   .            (helmet restricted)
rElec   .            c - scarf {repulsion}
rCorr   .            q - +0 pair of gloves
SInv    +            x - +1 pair of boots
Will    +....        j - amulet of faith
Stlth   +++          d - ring of see invisible
HPRegen 0.37/turn    h - +5 ring of evasion
MPRegen 0.16/turn

%: repel missiles, faith
@: heroic, frozen, very slow
A: horns 2, retaliatory headbutt
a: Renounce Religion, Heroism, Finesse


You were on level 3 of the Lair of Beasts.
You worshipped Okawaru.
Okawaru was greatly pleased with you.
You visited 3 branches of the dungeon, and saw 15 of its levels.
You also visited: Sewer and Ossuary.

You collected 751 gold pieces.
You spent 397 gold pieces at shops.


Innate Abilities, Weirdness & Mutations

You have a pair of horns on your head.
You reflexively headbutt those who attack you in melee.


   Skills:
 - Level 10.0(15.0) Fighting
 + Level 15.3(20.3) Ranged Weapons
 - Level 3.4(8.4) Armour
 - Level 7.2(12.2) Dodging
 - Level 1.0 Spellcasting
 - Level 2.0 Hexes
 - Level 10.0 Invocations


You had 12 spell levels left.
You knew the following spells:

 Your Spells              Type           Power      Damage    Failure   Level
a - Slow                  Hex            16%        N/A       16%         1

Your spell library contained the following spells:

 Spells                   Type           Power      Damage    Failure   Level
 Inner Flame              Hex/Fire       2%         N/A       56%         3
 Portal Projectile        Hex/Tloc       4%         N/A       56%         3
 Cause Fear               Hex            2%         N/A       83%         4

Inventory:

Hand Weapons
 t - a +1 heavy arbalest (weapon)
Armour
 b - a +2 robe of willpower (worn)
 c - a scarf of repulsion (worn)
 g - +0 acid dragon scales
 p - a +0 cloak
 q - a +0 pair of gloves (worn)
 x - a +1 pair of boots (worn)
Jewellery
 d - a ring of see invisible (left hand)
 h - a +5 ring of evasion (right hand)
 j - an amulet of faith (around neck)
 v - a +2 ring of evasion
 z - a ring of ice
Wands
 n - a wand of digging (5)
Scrolls
 a - 9 scrolls of identify
 r - 5 scrolls of teleportation
 s - a scroll of brand weapon
Potions
 e - a potion of haste
 f - 7 potions of heal wounds
 i - a potion of cancellation
 k - 2 potions of mutation
 l - 4 potions of resistance
 m - 3 potions of curing
 o - a potion of might
 u - a potion of enlightenment
 w - a potion of magic

Dungeon Overview and Level Annotations

Branches:
Dungeon (10/15)            Temple (1/1) D:5            Lair (4/5) D:10
  Sewer (visited)         Ossuary (visited)
  Swamp: Lair:2-3    Shoals: Lair:2-3     Snake: Lair:2-3    Spider: Lair:2-3
  Slime: Lair:4-5       Orc: D:9-12

Altars:
Ashenzari
Dithmenos
Elyvilon
Fedhas
Gozag
Hepliaklqana
Kikubaaqudgha
Makhleb
Nemelex Xobeh
Okawaru
Qazlal
Ru
Sif Muna
Uskayaw
Vehumet
Wu Jian
Xom
Yredelemnul
Zin
The Shining One

Shops:
D:5 =   D:6 :   D:7 ?

Annotations:
D:5 2 runed translucent doors


Message History

The rime drake is severely wounded.
The wolf bites you. The wolf closely misses you. You furiously retaliate!
You headbutt the wolf. The wolf completely misses you. The wolf misses you.
The rime drake breathes ice at you. The icy flash freeze misses you.
The icy flash freeze hits the wolf!!
The wolf dies!
The cane toad stings you. The cane toad stings you!
The boulder beetle bites you!! The wolf closely misses you.
You shoot a bolt. The bolt hits the wolf!!!
You kill the wolf!
Okawaru accepts your kill. The rime drake barely misses you.
The rime drake completely misses you. You furiously retaliate!
You headbutt the rime drake!
The cane toad stings you but does no damage.
The cane toad stings you! The boulder beetle misses you.
The cane toad misses you. The rime drake bites you. The cane toad misses you.
The rime drake barely misses you. The boulder beetle barely misses you.
You shoot a bolt. The bolt closely misses the rime drake.
The rime drake breathes ice at you. The icy flash freeze hits you.
You are encased in ice.
The rime drake barely misses you. The cane toad completely misses you.
The cane toad misses you. The boulder beetle bites you.
The basilisk gazes at you. You resist with almost no effort.
The cane toad closely misses you. The cane toad stings you.
The rime drake completely misses you. The rime drake bites you.
You shoot a bolt. The bolt closely misses the rime drake.
The rime drake bites you but does no damage.
The rime drake closely misses you. You furiously retaliate!
You headbutt the rime drake, but do no damage.
The cane toad stings you! The cane toad closely misses you.
The basilisk completely misses you. You furiously retaliate!
You headbutt the basilisk! The boulder beetle closely misses you.
The rime drake closely misses you. You furiously retaliate!
You headbutt the rime drake. The cane toad stings you!!
The rime drake closely misses you. You furiously retaliate!
You headbutt the rime drake. The cane toad barely misses you.
The boulder beetle bites you!
You die...

.?.## .....
.^..###
#....#
..... #..##
#k%B##
#8@l.#
#FFk#......
#DS.# k....
...... ....
.....#..
...
.....###.##
.# ....# ..
# ...# .##


You could see a boulder beetle, 2 cane toads, a basilisk, 2 rime drakes, a steam
dragon and a water moccasin.

Vanquished Creatures
  A hydra (Lair:2)
  An ugly thing (D:10)
  Maurice (D:9)
  4 black mambas
  3 cane toads
  Maggie (D:7)
  2 unseen horror zombies (D:10)
  3 komodo dragons
  3 trolls
  A hornet (D:8)
  A blink frog (Lair:2)
  5 shadows
  14 yaks
  4 vampires (D:10)
  A basilisk (Lair:1)
  3 wyverns
  3 water moccasins
  Pargi (Sewer)
  An ice beast (D:6)
  2 sky beasts (D:8)
  2 orc warriors (D:10)
  9 black bears
  4 centaurs
  2 ogres
  3 wolves (Lair:3)
  3 phantoms
  2 kobold brigands
  7 bullfrogs
  14 scorpions
  17 wights
  13 killer bees
  6 electric eels
  7 howler monkeys
  7 centaur zombies
  2 orc priests
  5 jellies
  A gnoll bouda (D:8)
  5 hounds
  3 human zombies (Ossuary)
  A sleepcap (D:6)
  7 orc wizards
  6 hell rats (Lair:1)
  2 scorpion zombies (Ossuary)
  3 mummies (Ossuary)
  11 adders
  3 gnolls (D:8)
  3 howler monkey zombies (D:10)
  4 white imps
  4 ufetubi
  A worm (D:6)
  9 dart slugs
  32 orcs
  8 bats
  9 endoplasms
  2 giant cockroaches
  2 gnoll zombies (Ossuary)
  14 goblins
  7 hobgoblins
  11 kobolds
  2 quokkas
  10 ball pythons
  6 frilled lizards
  A goblin zombie (Ossuary)
  A kobold zombie (Ossuary)
  An orc zombie (Ossuary)
  4 rats
  A butterfly (D:7)
332 creatures vanquished.

Vanquished Creatures (others)
  A wolf (Lair:3)
1 creature vanquished.

Grand Total: 333 creatures vanquished

Notes
Turn   | Place    | Note
-------+----------+-------------------------------------------
     0 | D:1      | qw the Minotaur Hexslinger began the quest for the Orb.
     0 | D:1      | Reached XP level 1. HP: 16/16 MP: 1/1
     0 | D:1      | 0 ||| qw: Version: 0.3-a-52-g30416fa
     0 | D:1      | 0 ||| qw: Game counter: 7685
     0 | D:1      | 0 ||| qw: Melee chars always use a shield: true
     0 | D:1      | 0 ||| qw: God list: Okawaru
     0 | D:1      | 0 ||| qw: Allow faded altars: false
     0 | D:1      | 0 ||| qw: Do Orc after clearing Dungeon:15 true
     0 | D:1      | 0 ||| qw: Do second Lair branch before Depths: true
     0 | D:1      | 0 ||| qw: Lair rune preference: random
     0 | D:1      | 0 ||| qw: Goals: Normal
     0 | D:1      | 0 ||| PLANNING D:1-11
    66 | D:1      | Found a faded altar of an unknown god.
    76 | D:1      | Reached skill level 3 in Ranged Weapons
    76 | D:1      | Reached XP level 2. HP: 18/23 MP: 2/2
   411 | D:1      | 411 ||| UPGRADING to +0 pair of boots.
   416 | D:1      | 416 ||| UPGRADING to +0 ring mail.
   426 | D:1      | 426 ||| DROPPING +0 robe.
   427 | D:1      | 427 ||| UPGRADING to ring of see invisible.
   428 | D:1      | 428 ||| UPGRADING to +5 ring of evasion.
   429 | D:1      | 429 ||| READING scroll labelled TUUNEAPL FALOE.
   430 | D:1      | 430 ||| DROPPING scroll of poison.
   482 | D:2      | Reached XP level 3. HP: 29/29 MP: 3/3
   537 | D:2      | Found a blossoming altar of Fedhas.
   594 | D:2      | Reached skill level 4 in Ranged Weapons
   612 | D:2      | Reached skill level 1 in Armour
   653 | D:2      | Reached XP level 4. HP: 36/36 MP: 4/4
   802 | D:2      | 802 ||| READING scroll labelled WOMEUF WOEK.
   805 | D:2      | 805 ||| READING 4 scrolls of identify.
   805 | D:2      | 805 ||| IDENTIFYING fizzy black potion
   806 | D:2      | 806 ||| READING 3 scrolls of identify.
   806 | D:2      | 806 ||| IDENTIFYING metallic inky potion
   807 | D:2      | 807 ||| READING 2 scrolls of identify.
   807 | D:2      | 807 ||| IDENTIFYING viscous clear potion
   808 | D:2      | 808 ||| DROPPING potion of invisibility.
  1077 | D:3      | Found a stormy altar of Qazlal.
  1305 | D:3      | Reached skill level 5 in Ranged Weapons
  1661 | D:3      | 1661 ||| UPGRADING to scarf of repulsion.
  1666 | D:3      | 1666 ||| UPGRADING to amulet of faith.
  1671 | D:3      | 1671 ||| READING scroll labelled QUTERH YDOSS.
  1672 | D:3      | 1672 ||| READING 2 scrolls of identify.
  1672 | D:3      | 1672 ||| IDENTIFYING glowing puce potion
  1798 | D:4      | Reached XP level 5. HP: 44/44 MP: 5/5
  1801 | D:4      | Reached skill level 3 in Fighting
  2047 | D:4      | Noticed a phantom
  2055 | D:4      | Killed a phantom
  2056 | D:4      | Reached skill level 6 in Ranged Weapons
  2056 | D:4      | Reached XP level 6. HP: 51/51 MP: 6/6
  2345 | D:4      | 2345 ||| UPGRADING to +0 pair of gloves.
  2350 | D:4      | 2350 ||| READING scroll labelled XURI REAQIMI.
  2351 | D:4      | 2351 ||| READING scroll labelled WAREESTR POC YLA.
  2452 | D:4      | 2452 ||| DRINKING 2 dark potions.
  2453 | D:4      | 2453 ||| DROPPING potion of attraction.
  2486 | D:5      | Entered Level 5 of the Dungeon
  2575 | D:5      | Found Oseniria's One-of-a-Kind Rings.
  2645 | D:5      | 2645 ||| BUYING +2 ring of evasion (90 gold).
  2645 | D:5      | Bought a +2 ring of evasion for 90 gold pieces
  2645 | D:5      | 2645 ||| SHOPLISTING +8 ring of dexterity (825 gold, have
                  | 142).
  2660 | D:5      | Found a staircase to the Ecumenical Temple.
  2661 | D:5      | 2661 ||| PLANNING TEMPLE
  2661 | D:5      | 2661 ||| DROPPING +6 ring of strength.
  2662 | D:5      | 2662 ||| DROPPING ring of positive energy.
  2663 | D:5      | 2663 ||| READING scroll labelled HIDGHA LOOSI.
  2675 | D:5      | Reached skill level 7 in Ranged Weapons
  2698 | Temple   | Entered the Ecumenical Temple
  2711 | Temple   | 2711 ||| PLANNING D:1-11
  2727 | D:5      | Found an iron altar of Okawaru.
  2733 | D:5      | 2733 ||| PLANNING OKAWARU WORSHIP
  2745 | D:5      | Became a worshipper of Warmaster Okawaru
  2746 | D:5      | 2746 ||| PLANNING D:1-11
  2791 | D:5      | Reached XP level 7. HP: 59/59 MP: 7/7
  2802 | D:5      | Reached skill level 3 in Armour
  2945 | D:5      | HP: 14/59 [poisoned by a wight]
  2946 | D:5      | 2946 ||| DRINKING 2 potions of heal wounds.
  2955 | D:5      | Reached * piety under Okawaru
  2956 | D:5      | Reached skill level 8 in Ranged Weapons
  3117 | D:5      | 3117 ||| INVOKING Heroism.
  3119 | D:5      | Reached skill level 1 in Invocations
  3252 | D:5      | Found a large runed translucent door.
  3252 | D:5      | Found a large runed translucent door.
  3409 | D:5      | 3409 ||| INVOKING Heroism.
  3419 | D:5      | Reached XP level 8. HP: 42/68 MP: 5/8
  3605 | D:5      | 3605 ||| SWAPPING to +0 arbalest.
  3606 | D:5      | 3606 ||| DROPPING +1 sling.
  3861 | D:5      | 3861 ||| UPGRADING to +2 robe of willpower.
  3871 | D:5      | 3871 ||| DROPPING +0 ring mail.
  3872 | D:5      | 3872 ||| READING scroll labelled VUACKEFULY.
  3873 | D:5      | 3873 ||| READING 2 scrolls of identify.
  3873 | D:5      | 3873 ||| IDENTIFYING fizzy yellow potion
  3891 | D:6      | 3891 ||| PLANNING SEWER
  3906 | D:6      | 3906 ||| INVOKING Heroism.
  3909 | D:6      | 3909 ||| Stepping ~*~*~tactically~*~*~ (outnumbered).
  3911 | D:6      | 3911 ||| INVOKING Heroism.
  3920 | D:6      | Reached skill level 3 in Invocations
  3927 | D:6      | Reached skill level 3 in Dodging
  3929 | D:6      | 3929 ||| FLEEEEING.
  3930 | D:6      | 3930 ||| FLEEEEING.
  3931 | D:6      | 3931 ||| FLEEEEING.
  3932 | D:6      | 3932 ||| FLEEEEING.
  3933 | D:6      | 3933 ||| FLEEEEING.
  3934 | D:6      | 3934 ||| FLEEEEING.
  3935 | D:6      | 3935 ||| INVOKING Heroism.
  4072 | D:6      | 4072 ||| Stepping ~*~*~tactically~*~*~ (outnumbered).
  4073 | D:6      | 4073 ||| INVOKING Heroism.
  4075 | D:6      | 4075 ||| Stepping ~*~*~tactically~*~*~ (outnumbered).
  4076 | D:6      | 4076 ||| Stepping ~*~*~tactically~*~*~ (outnumbered).
  4082 | D:6      | Reached skill level 9 in Ranged Weapons
  4084 | D:6      | Reached ** piety under Okawaru
  4085 | D:6      | Reached skill level 6 in Fighting
  4096 | D:6      | 4096 ||| INVOKING Heroism.
  4194 | D:6      | 4194 ||| INVOKING Heroism.
  4213 | D:6      | Reached skill level 10 in Ranged Weapons
  4309 | D:6      | Found a glowing drain.
  4310 | D:6      | 4310 ||| READING scroll labelled HIFUAJ DACZIWNUS.
  4311 | D:6      | 4311 ||| READING 2 scrolls of identify.
  4311 | D:6      | 4311 ||| IDENTIFYING black potion
  4321 | Sewer    | Entered a sewer
  4420 | Sewer    | Noticed Pargi
  4425 | Sewer    | Killed Pargi
  4426 | Sewer    | Reached XP level 9. HP: 78/78 MP: 11/11
  4435 | Sewer    | 4435 ||| READING scroll labelled IFRAVV ATRUEST.
  4449 | D:6      | 4449 ||| PLANNING D:1-11
  4858 | D:6      | Found Utidee's Tremendous Tomes.
  4958 | D:6      | 4958 ||| READING scroll labelled CUH NASSIUMYCS.
  4959 | D:6      | 4959 ||| READING scroll labelled ZOBEFOMOVE.
  4960 | D:6      | 4960 ||| READING 2 scrolls of identify.
  4960 | D:6      | 4960 ||| IDENTIFYING red potion
  5032 | D:7      | Noticed Maggie
  5038 | D:7      | 5038 ||| INVOKING Heroism.
  5043 | D:7      | Killed Maggie
  5164 | D:7      | Reached *** piety under Okawaru
  5219 | D:7      | 5219 ||| INVOKING Heroism.
  5416 | D:7      | Noticed a troll
  5417 | D:7      | 5417 ||| INVOKING Heroism.
  5422 | D:7      | Killed a troll
  5423 | D:7      | Reached skill level 11 in Ranged Weapons
  5665 | D:7      | 5665 ||| INVOKING Heroism.
  5697 | D:7      | 5697 ||| INVOKING Heroism.
  5720 | D:7      | Found a shimmering blue altar of Sif Muna.
  5721 | D:7      | Found a sacrificial altar of Ru.
  5779 | D:7      | Found a shimmering altar of Xom.
  5789 | D:7      | Found Seuno's Magic Scroll Shop.
  5793 | D:7      | 5793 ||| BUYING scroll of brand weapon (142 gold).
  5793 | D:7      | Bought a scroll of brand weapon for 142 gold pieces
  5793 | D:7      | 5793 ||| BUYING scroll of identify (30 gold).
  5793 | D:7      | Bought a scroll of identify for 30 gold pieces
  5793 | D:7      | 5793 ||| BUYING scroll of identify (30 gold).
  5793 | D:7      | Bought a scroll of identify for 30 gold pieces
  5793 | D:7      | 5793 ||| BUYING scroll of identify (30 gold).
  5793 | D:7      | Bought a scroll of identify for 30 gold pieces
  5793 | D:7      | 5793 ||| BUYING scroll of identify (30 gold).
  5793 | D:7      | Bought a scroll of identify for 30 gold pieces
  5793 | D:7      | 5793 ||| BUYING scroll of teleportation (45 gold).
  5793 | D:7      | Bought a scroll of teleportation for 45 gold pieces
  5793 | D:7      | 5793 ||| READING scroll of brand weapon.
  5793 | D:7      | 5793 ||| BRANDING +1 arbalest of flaming.
  5995 | D:7      | 5995 ||| READING scroll labelled PECLOPH TOXYO.
  6110 | D:7      | 6110 ||| READING 8 scrolls of identify.
  6110 | D:7      | 6110 ||| IDENTIFYING sedimented white potion
  6111 | D:7      | 6111 ||| DROPPING potion of berserk rage.
  6141 | D:8      | 6141 ||| PLANNING OSSUARY
  6141 | D:8      | 6141 ||| INVOKING Heroism.
  6214 | D:8      | Noticed a seven-headed hydra
  6217 | D:8      | Noticed a yaktaur
  6233 | D:8      | Found the +15 Maxwell's patent armour {-Cast -Tele rElec
                  | Will+ rCorr}
  6278 | D:8      | 6278 ||| Stepping ~*~*~tactically~*~*~ (outnumbered).
  6280 | D:8      | 6280 ||| INVOKING Heroism.
  6282 | D:8      | Reached skill level 12 in Ranged Weapons
  6299 | D:8      | Found a sand-covered staircase.
  6303 | Ossuary  | Entered an ossuary
  6387 | Ossuary  | Reached XP level 10. HP: 88/88 MP: 12/12
  6487 | Ossuary  | Reached **** piety under Okawaru
  6562 | Ossuary  | 6562 ||| DROPPING amulet of magic regeneration.
  6563 | Ossuary  | 6563 ||| READING scroll labelled ONEXEE YFYNU.
  6564 | Ossuary  | 6564 ||| DRINKING 2 brown potions.
  6565 | Ossuary  | 6565 ||| READING 10 scrolls of identify.
  6565 | Ossuary  | 6565 ||| IDENTIFYING fuming cyan potion
  6566 | Ossuary  | 6566 ||| READING 9 scrolls of identify.
  6566 | Ossuary  | 6566 ||| IDENTIFYING fuming silvery potion
  6567 | Ossuary  | 6567 ||| DROPPING potion of lignification.
  6620 | D:8      | 6620 ||| PLANNING D:1-11
  6645 | D:8      | 6645 ||| INVOKING Heroism.
  6725 | D:8      | 6725 ||| INVOKING Heroism.
  6765 | D:8      | 6765 ||| INVOKING Heroism.
  6770 | D:8      | Reached skill level 13 in Ranged Weapons
  7399 | D:9      | 7399 ||| Stepping ~*~*~tactically~*~*~ (outnumbered).
  7430 | D:9      | 7430 ||| INVOKING Heroism.
  7476 | D:9      | 7476 ||| FLEEEEING.
  7488 | D:9      | 7488 ||| INVOKING Heroism.
  7492 | D:9      | Reached skill level 9 in Fighting
  7616 | D:9      | Identified the +3 spear "Jaggemec" {flame, Dex+2}
  7622 | D:9      | Reached skill level 6 in Invocations
  7627 | D:9      | 7627 ||| INVOKING Heroism.
  7631 | D:9      | Reached skill level 6 in Dodging
  7808 | D:9      | Noticed Maurice
  7813 | D:9      | 7813 ||| FLEEEEING.
  7814 | D:9      | 7814 ||| FLEEEEING.
  7815 | D:9      | 7815 ||| FLEEEEING.
  7826 | D:9      | Killed Maurice
  7864 | D:9      | Reached ***** piety under Okawaru
  7926 | D:9      | Reached XP level 11. HP: 90/97 MP: 15/15
  8314 | D:9      | 8314 ||| UPGRADING to +1 pair of boots.
  8324 | D:9      | 8324 ||| DROPPING +0 pair of boots.
  8368 | D:10     | Entered Level 10 of the Dungeon
  8400 | D:10     | Found a staircase to the Lair.
  8413 | D:10     | 8413 ||| INVOKING Heroism.
  8426 | D:10     | HP: 23/97 [troll (7)]
  8427 | D:10     | 8427 ||| READING 5 scrolls of teleportation.
  8427 | D:10     | HP: 10/97 [troll (11)]
  8428 | D:10     | 8428 ||| DRINKING 8 potions of heal wounds.
  8436 | D:10     | 8436 ||| INVOKING Heroism.
  8468 | D:10     | 8468 ||| Stepping ~*~*~tactically~*~*~ (outnumbered).
  8469 | D:10     | 8469 ||| INVOKING Heroism.
  8869 | D:10     | 8869 ||| INVOKING Heroism.
  8871 | D:10     | Reached skill level 14 in Ranged Weapons
  8880 | D:10     | Received a gift from Okawaru
  8905 | D:10     | 8905 ||| FLEEEEING.
  8906 | D:10     | 8906 ||| FLEEEEING.
  8907 | D:10     | 8907 ||| FLEEEEING.
  8908 | D:10     | 8908 ||| FLEEEEING.
  8909 | D:10     | 8909 ||| INVOKING Heroism.
  8911 | D:10     | 8911 ||| FLEEEEING.
  8912 | D:10     | 8912 ||| STAIRDANCE
  9087 | D:10     | 9087 ||| DROPPING +1 orcbow of draining.
  9513 | D:10     | Noticed a purple ugly thing
  9519 | D:10     | Killed a purple ugly thing
  9590 | D:10     | 9590 ||| INVOKING Heroism.
  9786 | D:10     | Reached skill level 9 in Invocations
 10034 | D:10     | Received a gift from Okawaru
 10086 | D:10     | 10086 ||| PLANNING LAIR
 10149 | Lair:1   | Entered Level 1 of the Lair of Beasts
 10159 | Lair:1   | 10159 ||| INVOKING Heroism.
 10300 | Lair:1   | Received a gift from Okawaru
 10362 | Lair:1   | 10362 ||| FLEEEEING.
 10397 | Lair:1   | 10397 ||| INVOKING Heroism.
 10489 | Lair:1   | 10489 ||| INVOKING Heroism.
 11156 | Lair:1   | 11156 ||| DROPPING +0 robe of willpower.
 11157 | Lair:1   | 11157 ||| READING 11 scrolls of identify.
 11157 | Lair:1   | 11157 ||| IDENTIFYING gluggy clear potion
 11158 | Lair:1   | 11158 ||| READING 10 scrolls of identify.
 11158 | Lair:1   | 11158 ||| IDENTIFYING yellow potion
 11159 | Lair:1   | 11159 ||| DROPPING potion of brilliance.
 11212 | Lair:2   | 11212 ||| INVOKING Heroism.
 11243 | Lair:2   | 11243 ||| INVOKING Heroism.
 11246 | Lair:2   | Reached XP level 12. HP: 91/106 MP: 15/18
 11299 | Lair:2   | Identified the +0 ring mail "Cyul" {Str+4}
 11303 | Lair:2   | 11303 ||| INVOKING Heroism.
 11397 | Lair:2   | 11397 ||| INVOKING Heroism.
 11401 | Lair:2   | Reached skill level 15 in Ranged Weapons
 11662 | Lair:2   | Noticed an eight-headed hydra
 11663 | Lair:2   | 11663 ||| INVOKING Heroism.
 11667 | Lair:2   | Killed an eight-headed hydra
 11685 | Lair:2   | You fall into a shaft and drop 2 floors!
 11789 | Lair:4   | 11789 ||| DROPPING +0 ring mail "Cyul" {Str+4}.
 11795 | Lair:3   | Noticed a boulder beetle
 11796 | Lair:3   | 11796 ||| INVOKING Heroism.
 11797 | Lair:3   | 11797 ||| Stepping ~*~*~tactically~*~*~ (outnumbered).
 11803 | Lair:3   | HP: 22/106 [cane toad (7)]
 11803 | Lair:3   | HP: 2/106 [cane toad (20)]
 11803 | Lair:3   | Mangled by a boulder beetle

Levels and vault maps discovered:
D:1:      kennysheep_arrival_forest, layout_basic, basic_ecumenical_altar,
          corexii_item_surrounded_by_moat
D:2:      layout_rooms, basic_altar, kennysheep_generic_room_5
D:3:      layout_loops_corners, mainiacjoe_overflow_catwalk, minmay_bisected
D:4:      layout_rooms, fountainhead
D:5:      layout_loops_corners, mainiacjoe_overflow_brackets,
          jmf_multi_god_temple2, minmay_temple_entry_arrows,
          nicolae_shop_unique_rings
D:6:      kennysheep_slugbush, layout_basic, cheibrodos_sewer_entry_sluice,
          nicolae_shop_i_like_big_books, minmay_starry_boxes
D:7:      layout_basic, chequers_temple_overflow_statue_of_worship,
          xom_butterflies, serial_shops, shop, minmay_small_thing, uniq_maggie,
          uniq_crazy_yiuf_cottage
D:8:      layout_basic, enter_ossuary_5, enter_bailey_3, st_stairs_3,
          onia_ninara_dug_in_and_dangerous
D:9:      layout_loops_cross, uniq_maurice
D:10:     layout_layer_cave, due_lair_maze_entry_diamond, serial_undead,
          serial_undead_d, serial_undead_d, serial_undead_e, serial_undead_b
Temple:   hellmonk_temple_two_chambers
Lair:1:   layout_chaotic_city, serial_bayou_lagoon_b, grunt_megastairs_4
Lair:2:   layout_chaotic_city, minmay_snake_entry_guardpost_small
Lair:3:   layout_loops_ring, minmay_swamp_entry_worms, grunt_megastairs_5,
          lemuel_fruit_tree, serial_bayou_shore_b
Lair:4:   layout_hall_layers, nicolae_slime_entry_slimehenge,
          serial_bayou_shore_b, uniq_urug

Skill      XL: |  1  2  3  4  5  6  7  8  9 10 11 12 |
---------------+-------------------------------------+-----
Ranged Weapons | 3 4 5 6 7 8 10 12 13 14 15 | 15.3
Fighting       | 2 3 4 5 6 7 9 10 | 10.0
Armour         | 1 3 |  3.4
Invocations    | 2 4 6 10 | 10.0
Dodging        | 3 5 6 7 |  7.2
Spellcasting   | |  1.0
Hexes          | |  2.0

Action                     |  1- 3 |  4- 6 |  7- 9 | 10-12 || total
---------------------------+-------+-------+-------+-------++-------
   Fire: Sling             |    88 |   210 |    87 |       ||   385
         Arbalest          |       |       |   174 |   361 ||   535
 Invoke: Heroism           |       |       |    14 |    21 ||    35
    Use: Scroll            |     1 |     9 |    11 |     6 ||    27
         Potion            |       |     1 |     1 |     2 ||     4
 Armour: Robe              |     5 |       |    21 |    64 ||    90
         Ring mail         |     3 |    42 |    11 |       ||    56
  Dodge: Dodged            |    31 |   125 |   175 |   440 ||   771
         Repelled          |       |     2 |     6 |       ||     8

Table legend:
 A = Non-vault XP
 B = Vault XP
 C = Vault XP percentage of total XP
 D = Non-vault monster count
 E = Vault monster count
 F = Vault count percentage of total count
                 A         B        C        D         E       F
            +---------+---------+-------+---------+---------+-------
      Total |   16588 |    9046 |  35.3 |     237 |      95 |  28.6
            +---------+---------+-------+---------+---------+-------
        D:1 |      38 |       0 |   0.0 |      22 |       0 |   0.0
        D:2 |      61 |      17 |  21.8 |      15 |       3 |  16.7
        D:3 |      52 |       6 |  10.3 |      17 |       4 |  19.0
        D:4 |     305 |       0 |   0.0 |      24 |       0 |   0.0
        D:5 |    1029 |       0 |   0.0 |      20 |       0 |   0.0
        D:6 |     942 |     371 |  28.3 |      20 |      16 |  44.4
        D:7 |    1012 |     700 |  40.9 |      17 |       2 |  10.5
        D:8 |    1420 |     133 |   8.6 |      24 |       6 |  20.0
        D:9 |    3165 |     469 |  12.9 |      27 |       1 |   3.6
       D:10 |    2559 |    4321 |  62.8 |      23 |      23 |  50.0
     Lair:1 |     984 |    1457 |  59.7 |      13 |       6 |  31.6
     Lair:2 |    3766 |       0 |   0.0 |       9 |       0 |   0.0
     Lair:3 |     401 |       0 |   0.0 |       4 |       0 |   0.0
     Lair:4 |     854 |       0 |   0.0 |       2 |       0 |   0.0
      Sewer |       0 |     153 | 100.0 |       0 |       5 | 100.0
    Ossuary |       0 |    1419 | 100.0 |       0 |      29 | 100.0
            +---------+---------+-------+---------+---------+-------
